cohdb
Replays
Latest Replays
All Replays
Popular Replays
Top Player Replays
Match Explorer
How It Works
Community
CoH3 Stats
Reddit
Sign in to upload your games and track your stats! →
Sign in with Steam
Match 41280052
Unlisted
Match 41280052
Overview
Messages
Build Orders
End
Kradschützen Motorcycle Team
Panzergrenadier Squad
250 Light Carrier
Panzergrenadier Squad
Construct Light Support Kompanie
2.5-tonne Medical Truck
Combat Half-tracks
Fire Support Elements
Flakvierling Half-track
Pak 38 Mechanized Group
Selects Italian Infantry
Selects Italian Infantry
Selects Guastatori Squad
Guastatori Squad
Selects Defensive Operations
Construct Panzerarmee Kommand
Selects L6/40 Light Tank Combat Group
Selects Registered Artillery
Panzer III L Medium Tank
Walking Stuka Rocket Launcher
Panzer III L Medium Tank
Selects Prepared Positions
Advanced Optics
Armored Reserves
Selects Obice 305mm Barrage
Walking Stuka Rocket Launcher
Panzer IV Assault Group
Obice 305mm Barrage
Selects Towed Cannone da 105/28 Field Howitzer
Registered Artillery
Flakvierling Half-track
MajorZ14
Earthdog
Cintrea
Particycles
banksss33
DumbPanda
0
0
Comments
sign in to comment!
No comments posted yet!